 Dungeon Crawl Stone Soup version 0.30-a0-793-g160f7cfddd (webtiles) character file.

Game seed: 3600666696468339347

74 bande the Covered (level 4, -1/29 HPs)
             Began as a Gargoyle Fighter on Feb 19, 2023.
             Slain by a gnoll
             ... wielding a +0 club
              (5 damage)
             ... on level 2 of the Dungeon.
             The game lasted 00:01:36 (1238 turns).

bande the Covered (Gargoyle Fighter)                Turns: 1238, Time: 00:01:37

Health: -1/29      AC: 10    Str: 19    XL:     4   Next: 30%
Magic:  4/4        EV:  9    Int:  9    God:
Gold:   59         SH:  4    Dex: 11    Spells: 3/3 levels left

rFire   . . .      SeeInvis .    a - +0 war axe
rCold   . . .      Faith    .    c - +0 buckler
rNeg    + . .      Spirit   .    b - +0 scale mail
rPois   ∞          Reflect  .    (no helmet)
rElec   +          Harm     .    (no cloak)
rCorr   .          Rampage  .    (no gloves)
Will    .....                    (no boots) Stlth
                                 (no amulet)
HPRegen 0.24/turn                (no ring)
MPRegen 0.09/turn                (no ring)

@: no status effects
A: sickness immunity, AC +3, negative energy resistance 1, electricity
resistance, torment resistance 1, petrification resistance
a: no special abilities


You were on level 2 of the Dungeon.
You visited 1 branch of the dungeon, and saw 2 of its levels.

You collected 59 gold pieces.

Inventory:

Hand Weapons
 a - a +0 war axe (weapon)
Missiles
 j - a throwing net (quivered)
Armour
 b - a +0 scale mail (worn)
 c - a +0 buckler (worn)
Jewellery
 l - a ring of wizardry
Scrolls
 e - a scroll of immolation {unknown}
 f - a scroll of magic mapping {unknown}
 g - 2 scrolls of teleportation {unknown}
 h - a scroll of amnesia {unknown}
 k - a scroll of vulnerability {unknown}
Potions
 d - a potion of might
 i - a potion of degeneration {unknown}
 m - a potion of magic {unknown}


   Skills:
 + Level 3.9 Fighting
 + Level 2.8 Axes
 + Level 3.9 Armour
 + Level 3.7 Shields


You had 3 spell levels left.
You didn't know any spells.
Your spell library was empty.

Dungeon Overview and Level Annotations

Branches:
Dungeon (2/15)

Altars:


Innate Abilities, Weirdness & Mutations

You are immune to sickness and miasma.
Your stone body is resilient. (AC +3)
You are immune to poison.
You resist negative energy. (rN+)
You are resistant to electric shocks. (rElec)
You are resistant to unholy torment.
You are immune to petrification.


Message History

The gnoll is severely wounded.
The gnoll closely misses you. x2
You barely miss the gnoll.
The gnoll is severely wounded.
The gnoll closely misses you.
You closely miss the gnoll.
The gnoll is severely wounded.
The gnoll closely misses you. The gnoll barely misses you.
You hit the gnoll but do no damage.
The gnoll is severely wounded.
The dart slug briefly extends its eye-stalks.
The gnoll hits you with a +0 halberd!
You are too injured to fight recklessly!
You are too injured to fight recklessly!
You are too injured to fight recklessly!
You are too injured to fight recklessly!
You are too injured to fight recklessly!
You are too injured to fight recklessly!
You are too injured to fight recklessly!
You are too injured to fight recklessly!
You are too injured to fight recklessly!
You barely miss the gnoll.
The gnoll is severely wounded.
The gnoll hits you with a +0 halberd.
You barely miss the gnoll.
The gnoll is severely wounded.
You block the gnoll's attack. The gnoll hits you with a +0 halberd!
* * * LOW HITPOINT WARNING * * *
You slash the gnoll!
You kill the gnoll!
You slash the gnoll!
The gnoll is heavily wounded.
You block the gnoll's attack. The gnoll hits you but does no damage.
You barely miss the gnoll.
The gnoll is heavily wounded.
The gnoll closely misses you.
You hit the gnoll.
The gnoll is almost dead.
The gnoll hits you with a +0 club.
You die...

#.##.....♣♣
#.........♣♣♣ ♣♣
#.###♣♣♣♣♣..♣♣♣.
#.# ♣♣♣....
###.# ♣♣♣♣♣
#...# #.### #.#
#@# #g# #g# #w#
#.# #.# #.# #..


You could see 2 gnolls and a dart slug.

Vanquished Creatures
  A gnoll (D:2)
  2 adders (D:2)
  2 worms (D:2)
  4 dart slugs
  A bat (D:1)
  4 endoplasms
  6 goblins
  2 hobgoblins (D:1)
  3 jackals (D:2)
  2 kobolds
  A quokka (D:1)
  A ball python (D:1)
  A frilled lizard (D:1)
30 creatures vanquished.

Notes
Turn   | Place    | Note
-------+----------+-------------------------------------------
     0 | D:1      | bande the Gargoyle Fighter began the quest for the Orb.
     0 | D:1      | Reached XP level 1. HP: 14/14 MP: 1/1
    80 | D:1      | Reached XP level 2. HP: 19/19 MP: 2/2
   843 | D:2      | Reached XP level 3. HP: 24/24 MP: 3/3
  1065 | D:2      | Reached XP level 4. HP: 29/29 MP: 4/4
  1238 | D:2      | Slain by a gnoll

Illustrated notes

Levels and vault maps discovered:
D:1:      saegor_arrival_fortress, layout_basic
D:2:      kb_forest_paths, layout_loops_ring, basic_altar,
          basic_ecumenical_altar, minmay_quantized, uniq_jessica, uniq_terence,
          uniq_crazy_yiuf_cottage

Skill      XL: |  1  2 |
---------------+-------+-----
Axes           | 2 |  2.8
Fighting       | |  3.9
Armour         | |  3.9
Shields        | |  3.7

Action                     |  1- 3 |  4- 6 || total
---------------------------+-------+-------++-------
  Melee: War axe           |    83 |    26 ||   109
 Armour: Scale mail        |    45 |     7 ||    52
  Dodge: Dodged            |    47 |    13 ||    60
  Block: Buckler           |    24 |     4 ||    28

Table legend: (Time is in decaauts)
 A = Elapsed time spent in this place.
 B = Non-inter-level travel time spent in this place.
 C = Inter-level travel time spent in this place.
 D = Time resting spent in this place.
 E = Time spent auto-exploring this place.
 F = Levels seen in this place.
 G = Mean time per level.
                   A        B        C        D        E       F      G
               +--------+--------+--------+--------+--------+-----+--------+
         Total |   1283 |   1243 |     40 |      0 |    881 |   2 |  641.5 |
       Dungeon |   1283 |   1243 |     40 |      0 |    881 |   2 |  641.5 |
               +--------+--------+--------+--------+--------+-----+--------+

Top non-repeatable levels by time:
     D:1: 755 daAuts
     D:2: 528 daAuts
